 Dungeon Crawl Stone Soup version 0.31.0-1-g2c135a008e (webtiles) character file.

Game seed: 1015454670514821045

74 qw the Shooter (level 4, -2/35 HPs)
             Began as a Djinni Hunter on Jan 24, 2024.
             Slain by an orc
             ... wielding a +2 antimagic trident
              (3 damage)
             ... on level 2 of the Dungeon.
             The game lasted 00:00:04 (1350 turns).

qw the Shooter (Djinni Hunter)                      Turns: 1350, Time: 00:00:05

Health: -2/35      AC:  2    Str: 10    XL:     4   Next: 54%
Gold:   64         EV: 12    Int: 10    God:
                   SH:  0    Dex: 19

rFire   + + .        a - +0 shortbow
rCold   x . .        (shield currently unavailable)
rNeg    . . .        c - +0 leather armour
rPois   inf          g - +0 helmet
rElec   +            (no cloak)
rCorr   +            (no gloves)
SInv    .            (boots unavailable)
Will    .....        (no amulet)
Stlth   ++           i - ring of resist corrosion
HPRegen 0.25/turn    (no ring)
MPRegen 0.00/turn

%: infuse magic (-3 HP)
@: flying
A: sickness immunity, fire resistance 2, cold vulnerability 1, float, innate
caster, HP casting, extra vitality 1, deformed body, electricity resistance
a: no special abilities


You were on level 2 of the Dungeon.
You visited 1 branch of the dungeon, and saw 2 of its levels.

You collected 64 gold pieces.


Innate Abilities, Weirdness & Mutations

You are immune to sickness and miasma.
You are immune to poison.
Your flesh is very heat resistant. (rF++)
You are vulnerable to cold. (rC-)
You float through the air rather than walking.
You learn spells naturally, not from books.
Your magical power is your life essence.
You have superior vitality. (+4 MHP)
Armour fits poorly on your strangely shaped body.
You are resistant to electric shocks. (rElec)


   Skills:
 - Level 3.1 Fighting
 - Level 4.0 Ranged Weapons
 + Level 2.6 Dodging
 - Level 0.7 Stealth


You knew the following spells:

 Your Spells              Type           Power      Damage    Failure   Level
a - Necrotise             Necr           0%         1d4       45%         1
Your spell library was empty.

Inventory:

Hand Weapons
 a - a +0 shortbow (weapon)
Armour
 b - a +2 leather armour of fire resistance
 c - a +0 leather armour (worn)
 g - a +0 helmet (worn)
Jewellery
 h - a ring of fire
 i - a ring of resist corrosion (left hand)
 j - the ring "Segiun" {Fly rF- Str+2 Dex+3}
   (You found it on level 2 of the Dungeon)

   [ring of flight]

   Str+2:     It affects your strength (+2).
   Dex+3:     It affects your dexterity (+3).
   rF-:       It makes you vulnerable to fire.
   Fly:       It grants you flight.
Scrolls
 e - a scroll of fog {unknown}
 f - 2 scrolls of amnesia {unknown}
Potions
 d - 2 potions of might

Dungeon Overview and Level Annotations

Branches:
Dungeon (2/15)

Altars:


Message History

An orc is wielding a +2 antimagic trident.
Found a beast talisman.
The orc shouts! x2
The endoplasm quivers.
You shoot an arrow. The arrow barely misses the orc.
The orc shouts!
The orc hits you with a +0 falchion.
You shoot an arrow. The arrow hits the orc!
You kill the orc!
The endoplasm barely misses you.
An orc comes into view. It is wielding a +0 trident.
You shoot an arrow. The orc shouts!
The arrow hits the endoplasm.
You kill the endoplasm!
You shoot an arrow. The arrow closely misses the orc.
The orc hits you with a +0 hand axe.
You shoot an arrow. The arrow hits the orc.
The orc is severely wounded.
The orc hits you from afar with a +2 antimagic trident.
The orc barely misses you. The orc closely misses you.
You shoot an arrow. The arrow barely misses the orc.
The orc barely misses you. x2; The orc hits you but does no damage.
You shoot an arrow. The arrow barely misses the orc.
The arrow hits the orc.
The orc is lightly wounded.
The orc hits you from afar with a +2 antimagic trident.
The orc hits you with a +0 hand axe. The orc hits you with a +0 short sword.
The orc hits you from afar with a +0 trident.
You shoot an arrow. The arrow barely misses the orc.
The arrow hits the orc.
The orc is heavily wounded.
The orc barely misses you. The orc misses you. x2
The orc hits you with a +0 hand axe. The orc hits you with a +0 short sword.
The orc closely misses you. The orc barely misses you.
You shoot an arrow. The arrow hits the orc.
You kill the orc!
The orc closely misses you. x3
You shoot an arrow.
The arrow hits the orc but does no damage.
The orc hits you from afar with a +2 antimagic trident.
You die...

...#######......#...# ##
... #......#...# # ..
#......#...####
#......#.......
################.......
#......................
#.......o..............
#.....o$o..............
#.....@##########......
|..#'##.......####......
#.................
#.......###.......
#######.###.......
..........#.......
..........#.###... .#
..........#....... #.#
#............####....


You could see 3 orcs.

Vanquished Creatures
  An orc wizard (D:2)
  A gnoll (D:1)
  A dart slug (D:1)
  A ribbon worm (D:2)
  6 orcs (D:2)
  4 endoplasms
  2 goblins
  3 hobgoblins
  3 kobolds
  A quokka (D:1)
  2 ball pythons (D:2)
  A bat (D:2)
  3 rats
29 creatures vanquished.

Notes
Turn   | Place    | Note
-------+----------+-------------------------------------------
     0 | D:1      | qw the Djinni Hunter began the quest for the Orb.
     0 | D:1      | Reached XP level 1. HP: 18/18 MP: 0/0
     0 | D:1      | 0 ||| qw: Version: 0.3-a-136-gdd3b4e8
     0 | D:1      | 0 ||| qw: Game counter: 1249
     0 | D:1      | 0 ||| qw: Melee chars always use a shield: true
     0 | D:1      | 0 ||| qw: God list: Okawaru
     0 | D:1      | 0 ||| qw: Allow faded altars: false
     0 | D:1      | 0 ||| qw: Do Orc after clearing Dungeon:15 true
     0 | D:1      | 0 ||| qw: Do second Lair branch before Depths: true
     0 | D:1      | 0 ||| qw: Lair rune preference: random
     0 | D:1      | 0 ||| qw: Goals: Normal
     0 | D:1      | 0 ||| PLANNING D:1-11
    82 | D:1      | Reached XP level 2. HP: 23/23 MP: 0/0
   219 | D:1      | Found a faded altar of an unknown god.
   480 | D:1      | Reached skill level 4 in Ranged Weapons
   480 | D:1      | Reached XP level 3. HP: 16/28 MP: 0/0
   480 | D:1      | Learned a level 1 spell: Necrotise
   661 | D:1      | 661 ||| UPGRADING to +0 helmet.
   666 | D:1      | 666 ||| UPGRADING to ring of resist corrosion.
   667 | D:1      | 667 ||| READING scroll labelled WAREN TAYR YNT.
   667 | D:1      | 667 ||| IDENTIFYING black potion
   668 | D:1      | 668 ||| DRINKING 3 golden potions.
   669 | D:1      | 669 ||| DRINKING 2 white potions.
   669 | D:1      | Gained mutation: You are clumsy. (Dex -2) [potion of
                  | mutation]
   670 | D:1      | 670 ||| DRINKING potion of mutation.
   670 | D:1      | Lost mutation: You are clumsy. (Dex -2) [potion of
                  | mutation]
   670 | D:1      | Gained mutation: Armour fits poorly on your strangely
                  | shaped body. [potion of mutation]
   670 | D:1      | Gained mutation: You are resistant to electric shocks.
                  | (rElec) [potion of mutation]
   671 | D:1      | 671 ||| DROPPING scroll of butterflies.
   672 | D:1      | 672 ||| DROPPING potion of brilliance.
   782 | D:2      | 782 ||| DRINKING sapphire potion.
   783 | D:2      | 783 ||| DRINKING pink potion.
   795 | D:2      | Reached skill level 3 in Fighting
   795 | D:2      | Reached XP level 4. HP: 35/35 MP: 0/0
  1002 | D:2      | Identified the ring "Segiun" {Fly rF- Str+2 Dex+3}
  1348 | D:2      | HP: 4/35 [orc/+0 hand axe (5)]
  1348 | D:2      | HP: 1/35 [orc/+0 short sword (3)]
  1350 | D:2      | Slain by an orc

Levels and vault maps discovered:
D:1:      moated_graveyard_arrival, layout_basic, ebering_ecumenical_altar_mist,
          minmay_misc_feat_hallway, st_stairs_12
D:2:      layout_basic

Skill      XL: |  1  2  3 |
---------------+----------+-----
Ranged Weapons | 4 |  4.0
Fighting       | 3 |  3.1
Dodging        | |  2.6
Stealth        | |  0.7

Action                     |  1- 3 |  4- 6 || total
---------------------------+-------+-------++-------
   Fire: Shortbow          |    54 |    27 ||    81
    Use: Potion            |     5 |       ||     5
         Scroll            |     1 |       ||     1
 Armour: Leather armour    |     8 |    13 ||    21
         Skin              |    22 |       ||    22
  Dodge: Dodged            |    17 |    17 ||    34

Table legend:
 A = Non-vault XP
 B = Vault XP
 C = Vault XP percentage of total XP
 D = Non-vault monster count
 E = Vault monster count
 F = Vault count percentage of total count
                 A         B        C        D         E       F
            +---------+---------+-------+---------+---------+-------
      Total |     107 |       0 |   0.0 |      29 |       0 |   0.0
            +---------+---------+-------+---------+---------+-------
        D:1 |      34 |       0 |   0.0 |      11 |       0 |   0.0
        D:2 |      73 |       0 |   0.0 |      18 |       0 |   0.0
            +---------+---------+-------+---------+---------+-------
